 Dungeon Crawl Stone Soup version 0.32-a0-540-g866d13106e (webtiles) character file.

Game seed: 1131653357141867446

22 sasquatch the Sneak (level 2, -1/13 HPs)
             Began as a Vine Stalker Enchanter on Feb 29, 2024.
             Slain by a phantom (3 damage)
             ... on level 2 of the Dungeon.
             The game lasted 00:01:24 (969 turns).

sasquatch the Sneak (Vine Stalker Enchanter)         Turns: 969, Time: 00:01:24

Health: -1/13      AC:  2    Str: 10    XL:     2   Next: 91%
Magic:  0/6        EV: 12    Int: 15    God:
Gold:   68         SH:  0    Dex: 14    Spells: 6/6 levels left

rFire   . . .        a - +1 dagger
rCold   . . .        (no shield)
rNeg    . . .        b - +0 robe
rPois   .            (no helmet)
rElec   .            (no cloak)
rCorr   .            (no gloves)
SInv    .            (no boots)
Will    .....        (no amulet)
Stlth   ++           (no ring)
HPRegen 1.02/turn    (no ring)
MPRegen 0.10/turn

%: guardian spirit
@: no status effects
A: fangs 2, regeneration 1, magic shield, antimagic bite, no potion heal 2
a: no special abilities


You were on level 2 of the Dungeon.
You visited 1 branch of the dungeon, and saw 2 of its levels.

You collected 68 gold pieces.

Inventory:

Hand Weapons
 a - a +1 dagger (weapon)
Missiles
 h - 4 poisoned darts (quivered)
Armour
 b - a +0 robe (worn)
Jewellery
 i - a +6 ring of strength
Scrolls
 e - 3 scrolls of poison {unknown}
 g - a scroll of fear {unknown}
 j - a scroll of identify {unknown}
 k - a scroll of amnesia {unknown}
Potions
 c - 2 potions of invisibility
 d - a potion of curing {unknown}
 f - a potion of mutation {unknown}


   Skills:
 + Level 1.5 Short Blades
 - Level 1.5 Dodging
 - Level 3.6 Stealth
 + Level 2.6 Spellcasting
 + Level 3.3 Hexes


You had 6 spell levels left.
You didn't know any spells.
Your spell library contained the following spells:

 Spells                   Type           Power      Damage    Failure   Level
 Ensorcelled Hibernation  Hex/Ice        14%        N/A       16%         2
 Confusing Touch          Hex            12%        N/A       16%         3
 Tukima's Dance           Hex            12%        N/A       16%         3
 Summon Small Mammal      Summ           4%         N/A       22%         1
 Dazzling Flash           Conj/Hex       14%        N/A       30%         3
 Sublimation of Blood     Necr           1%         N/A       32%         2
 Call Canine Familiar     Summ           1%         N/A       54%         3
 Hailstorm                Conj/Ice       1%         3d5       54%         3
 Summon Ice Beast         Ice/Summ       1%         N/A       54%         3
 Petrify                  Alch/Erth      1%         N/A       91%         4
 Summon Blazeheart Golem  Fire/Summ      1%         N/A       91%         4
 Irradiate                Conj/Alch      0%         3d11      99%         5
 Sculpt Simulacrum        Ice/Alch       0%         N/A       100%        6


Dungeon Overview and Level Annotations

Branches:
Dungeon (2/15)

Altars:


Innate Abilities, Weirdness & Mutations

You have extremely sharp teeth.
Your natural rate of healing is unusually fast.
When hurt, damage is shared between your health and your magic reserves.
Your bite disrupts and absorbs the magic of your enemies.
Potions cannot restore your health.


Message History

The phantom is almost destroyed.
The phantom closely misses you.
You closely miss the phantom.
The phantom is severely damaged.
The phantom hits you.
The phantom blinks!
You blink.
The phantom hits you but does no damage.
You are too injured to fight recklessly!
You are too injured to fight recklessly!
You are too injured to fight recklessly!
You barely miss the phantom.
The phantom is severely damaged.
The phantom hits you!
* * * LOW HITPOINT WARNING * * *
You barely miss the phantom. Your bite misses the phantom.
The phantom is severely damaged.
The phantom hits you.
* * * LOW HITPOINT WARNING * * *
The phantom blinks!
You blink.
Found a cloak.
You barely miss the phantom. You bite the phantom. You drain its power.
You feel invigorated.
The phantom is almost destroyed.
You miss the phantom.
The phantom is almost destroyed.
The phantom hits you.
* * * LOW HITPOINT WARNING * * *
The phantom blinks!
You blink.
You hit the phantom but do no damage.
The phantom is almost destroyed.
The phantom barely misses you.
You closely miss the phantom.
The phantom is almost destroyed.
The phantom barely misses you.
You hit the phantom.
The phantom is almost destroyed.
The phantom hits you.
* * * LOW HITPOINT WARNING * * *
You miss the phantom. Your bite misses the phantom.
The phantom is almost destroyed.
The phantom hits you.
You die...

##.# #.# ##.# ##.# ##.# ##..#
##.##### ##...########## .......#
###.........§....
.......##########...§§....#######
##.###.#..........###.###$#
#.......#######.W# #.# #.#
####....# #@.# #.# #.#
####.....#######..###.# #.#
....%.................# #.#
####†....#######..........#
#.###.# #..######### #.## ##.#
#.... #. .# ##.### #. .# .# ## .#
.#


You could see a phantom.

Vanquished Creatures
  2 dart slugs (D:1)
  2 ball pythons (D:1)
  2 bats (D:1)
  2 endoplasms
  A giant cockroach (D:2)
  A hobgoblin (D:1)
  A jackal (D:1)
  A frilled lizard (D:1)
  A kobold (D:1)
  4 rats
17 creatures vanquished.

Notes
Turn   | Place    | Note
-------+----------+-------------------------------------------
     0 | D:1      | sasquatch the Vine Stalker Enchanter began the quest for
                  | the Orb.
     0 | D:1      | Reached XP level 1. HP: 9/9 MP: 4/4
    38 | D:1      | Reached skill level 1 in Short Blades
    65 | D:1      | Found a faded altar of an unknown god.
   146 | D:1      | Reached XP level 2. HP: 13/13 MP: 4/6
   942 | D:2      | Noticed a phantom
   969 | D:2      | Slain by a phantom

Illustrated notes

Levels and vault maps discovered:
D:1:      psy_arrival_whirlpool, layout_basic,
          dreamdust_ecumenical_altar_sealed_demon, chequers_serial_rivers_marsh,
          minmay_misc_feat_cross
D:2:      layout_loops_ring

Skill      XL: |  1 |
---------------+----+-----
Short Blades   | 1 |  1.5
Dodging        | |  1.5
Stealth        | |  3.6
Spellcasting   | |  2.6
Hexes          | |  3.3

Action                     || total
---------------------------++-------
  Melee: Dagger            ||    62
         Bite              ||    13
   Stab: Sleeping          ||     7
 Armour: Robe              ||    36
  Dodge: Dodged            ||    27

Table legend: (Time is in decaauts)
 A = Elapsed time spent in this place.
 B = Non-inter-level travel time spent in this place.
 C = Inter-level travel time spent in this place.
 D = Time resting spent in this place.
 E = Time spent auto-exploring this place.
 F = Levels seen in this place.
 G = Mean time per level.
                   A        B        C        D        E       F      G
               +--------+--------+--------+--------+--------+-----+--------+
         Total |    965 |    956 |      9 |      0 |    792 |   2 |  482.5 |
       Dungeon |    965 |    956 |      9 |      0 |    792 |   2 |  482.5 |
               +--------+--------+--------+--------+--------+-----+--------+

Top non-repeatable levels by time:
     D:1: 835 daAuts
     D:2: 129 daAuts
